 Dungeon Crawl Stone Soup version 0.28.0 (webtiles) character file.

Game seed: 8658784593261343713

5 shoop the Vexing (level 1, 0/20 HPs)
             Began as an Ogre Arcane Marksman on Feb 13, 2022.
             Succumbed to an adder's poison
             ... on level 2 of the Dungeon.
             The game lasted 00:01:25 (420 turns).

shoop the Vexing (Ogre Arcane Marksman)              Turns: 420, Time: 00:01:26

Health: 0/20       AC:  3    Str: 13    XL:     1   Next: 80%
Magic:  2/2        EV:  9    Int: 14    God:
Gold:   14         SH:  0    Dex:  9    Spells: 1/2 levels left

rFire   . . .      SeeInvis .   g - +0 dagger
rCold   . . .      Faith    .   (no shield)
rNeg    . . .      Spirit   .   a - +0 robe
rPois   .          Reflect  .   (helmet restricted)
rElec   .          Harm     .   (no cloak)
rCorr   .          Rampage  .   (gloves unavailable)
Will    .....                   (boots unavailable)
Stlth   +.........              (no amulet)
HPRegen 0.06/turn               (no ring)
MPRegen 0.08/turn               (no ring)

@: lethally poisoned (0 -> -4)
A: large, unfitting armour, tough skin 1
a: no special abilities


You were on level 2 of the Dungeon.
You visited 1 branch of the dungeon, and saw 2 of its levels.

You collected 14 gold pieces.

Inventory:

Hand Weapons
 g - a +0 dagger (weapon)
Missiles
 c - 2 throwing nets (quivered)
 d - 19 stones
Armour
 a - a +0 robe (worn)
Scrolls
 f - 3 scrolls of identify {unknown}
Potions
 e - a potion of degeneration {unknown}


   Skills:
 + Level 1.7 Fighting
 + Level 2.1 Throwing
 - Level 1.7 Dodging
 + Level 0.4 Stealth
 - Level 1.2 Spellcasting
 - Level 2.6 Hexes


You had one spell level left.
You knew the following spells:

 Your Spells              Type           Power      Damage    Failure   Level
a - Slow                  Hex            32%        N/A       9%          1

Your spell library contained the following spells:

 Spells                   Type           Power      Damage    Failure   Level
 Inner Flame              Hex/Fire       4%         N/A       41%         3
 Portal Projectile        Hex/Tloc       8%         N/A       41%         3
 Cause Fear               Hex            4%         N/A       65%         4


Dungeon Overview and Level Annotations

Branches:
Dungeon (2/15)

Altars:

Annotations:
D:1 exclusion: gnoll


Innate Abilities, Weirdness & Mutations

You are too large for most types of armour.
You have tough skin. (AC +1)


Message History

You throw a stone. The stone closely misses the adder.
Throw: 20 stones
Press: ? - help, Q - select action, (/) - cycle Shift-Dir - straight line, f/p - adder
Aim: an adder (32% to hit)
You throw a stone.
The stone hits the adder but does no damage.
You closely miss the adder. The adder bites you.
You are poisoned.
The adder poisons you! The adder bites you but does no damage.
You closely miss the adder.
You feel sick. The adder bites you but does no damage.
Throw: 4 large rocks
Press: ? - help, Q - select action, (/) - cycle Shift-Dir - straight line, f/p - adder
Aim: an adder (32% to hit)
You throw a large rock. The large rock barely misses the adder.
You feel sick. The adder bites you.
You are more poisoned.
The adder poisons you!
The adder bites you but does no damage. x2
Throw: 3 large rocks
Press: ? - help, Q - select action, (/) - cycle Shift-Dir - straight line, f/p - adder
Aim: an adder (32% to hit)
You throw a large rock.
The large rock closely misses the adder.
You feel very sick. The adder bites you but does no damage.
The adder barely misses you.
Throw: 2 large rocks
Press: ? - help, Q - select action, (/) - cycle Shift-Dir - straight line, f/p - adder
Aim: an adder (32% to hit)
You throw a large rock. The large rock misses the adder.
You feel sick. The adder bites you.
* * * LOW HITPOINT WARNING * * *
The adder bites you.
* * * LOW HITPOINT WARNING * * *
The adder closely misses you.
Throw: large rock
Press: ? - help, Q - select action, (/) - cycle Shift-Dir - straight line, f/p - adder
Aim: an adder (32% to hit)
You throw a large rock. The large rock hits the adder!!
You kill the adder!
You die...

.#..#
.... #..
#.# #<#
#†# #.#
#.# #@#
#(#
#()..(...
#####..(.
##


There were no monsters in sight!

Vanquished Creatures
  An adder (D:2)
  A ball python (D:1)
  A goblin (D:2)
  A hobgoblin (D:2)
  A bat (D:1)
  A frilled lizard (D:1)
6 creatures vanquished.

Notes
Turn   | Place    | Note
-------+----------+-------------------------------------------
     0 | D:1      | shoop the Ogre Arcane Marksman began the quest for the Orb.
     0 | D:1      | Reached XP level 1. HP: 19/19 MP: 2/2
   420 | D:2      | Succumbed to an adder's poison

Illustrated notes

Levels and vault maps discovered:
D:1:      minmay_arrival_pointy, layout_basic
D:2:      layout_loops_ring, shapermc_ecumenical_altar_mp_ritualfount,
          minmay_misc_feat_rows, hangedman_abyss_or_decor_stabs, uniq_robin,
          uniq_jessica

Action                   || total
-------------------------++-------
Melee: Dagger            ||    19
Throw: Stone             ||    23
       Large rock        ||     4
Armor: Robe              ||    22
Dodge: Dodged            ||    15
